 Dungeon Crawl Stone Soup version 0.29-a0-338-g1ff7896281 (webtiles) character file.

Game seed: 6870386109606141566

2969 Jortsu the Cudgeller (level 9, 0/73 (87) HPs)
             Began as a Troll Fighter on Apr 19, 2022.
             Was an Elder of Makhleb.
             Slain by Joseph
             ... wielding a +3 quarterstaff of draining
              (2 damage)
             ... on level 7 of the Dungeon.
             The game lasted 00:17:28 (5734 turns).

Jortsu the Cudgeller (Troll Fighter)                Turns: 5734, Time: 00:17:29

HP:   0/73 (87)     AC:  4    Str: 33    XL:     9   Next: 52%
MP:   10/10         EV: 10    Int:  4    God:    Makhleb [****..]
Gold: 2458          SH:  9    Dex:  9    Spells: 8/8 levels left

rFire   + + +      SeeInvis .   a - +1 flail
rCold   . . .      Faith    .   c - +1 kite shield
rNeg    . . .      Spirit   .   b - +0 robe
rPois   +          Reflect  .   (helmet restricted)
rElec   .          Harm     .   (no cloak)
rCorr   .          Rampage  .   (gloves unavailable)
Will    .....                   (boots unavailable)
Stlth   +.........              o - amulet of regeneration
HPRegen 1.82/turn               j - ring of protection from fire
MPRegen 0.12/turn               D - ring "Woag" {Wiz rPois rF++ Str+3}

@: mighty, heavily drained
A: large, unfitting armour, claws 3, regeneration 1, shaggy fur 1, tough skin 1
a: Renounce Religion, Minor Destruction, Lesser Servant of Makhleb, Major
Destruction


You were on level 7 of the Dungeon.
You worshipped Makhleb.
Makhleb was greatly pleased with you.
You visited 1 branch of the dungeon, and saw 7 of its levels.
You also visited: Sewer.

You collected 2458 gold pieces.

Inventory:

Hand Weapons
 a - a +1 flail (weapon)
Missiles
 r - a throwing net (quivered)
Armour
 b - a +0 robe (worn)
 c - a +1 kite shield (worn)
Jewellery
 i - an amulet of the acrobat
 j - a ring of protection from fire (left claw)
 n - a ring of wizardry
 o - an amulet of regeneration (around neck)
 s - a ring of magical power
 u - the amulet "Onili" {RegenMP Fragile Str+5}
   (You found it in a sewer)

   [amulet of magic regeneration]

   It increases your rate of magic regeneration.
   Str:       It affects your strength (+5).
   Fragile:   It will be destroyed if unequipped.
 v - a ring of flight
 A - a +6 ring of intelligence
 D - the ring "Woag" (right claw) {Wiz rPois rF++ Str+3}
   (You found it on level 5 of the Dungeon)

   [ring of wizardry]

   It improves your spell success rate.
   Str:       It affects your strength (+3).
   rF:        It greatly protects you from fire.
   rPois:     It protects you from poison.
Wands
 m - a wand of polymorph (9)
 y - a wand of charming (6)
Scrolls
 f - 4 scrolls of teleportation
 g - 3 scrolls of holy word
 h - 3 scrolls of blinking
 p - 3 scrolls of amnesia
 t - a scroll of enchant weapon
Potions
 d - 4 potions of curing
 e - a potion of brilliance
 k - 2 potions of ambrosia
 l - 2 potions of cancellation
 q - 2 potions of attraction
 x - a potion of lignification
 z - a potion of magic
 B - a potion of flight {unknown}


   Skills:
 + Level 4.8 Fighting
 + Level 7.5 Maces & Flails
 + Level 6.0 Dodging
 + Level 0.7 Stealth
 + Level 4.7 Shields
 + Level 3.5 Invocations


You had 8 spell levels left.
You didn't know any spells.
Your spell library contained the following spells:

 Spells                   Type           Power      Damage    Failure   Level
 Sting                    Tmut/Pois      0%         1d3       45%         1
 Static Discharge         Conj/Air       0%         N/A       58%         2
 Ignite Poison            Fire/Tmut/Pois 0%         N/A       80%         3
 Mephitic Cloud           Conj/Pois/Air  0%         N/A       80%         3
 Stone Arrow              Conj/Erth      0%         3d7       80%         3
 Animate Armour           Summ/Erth      0%         N/A       99%         4
 Olgreb's Toxic Radiance  Pois           0%         N/A       99%         4
 Alistair's Intoxication  Tmut/Pois      0%         N/A       100%        5
 Lightning Bolt           Conj/Air       0%         1d11      100%        5
 Ozocubu's Refrigeration  Ice            0%         4d5       100%        7
 Ignition                 Fire           0%         3d3       100%        8
 Lehudib's Crystal Spear  Conj/Erth      0%         10d2      100%        8
 Maxwell's Capacitive Co  Air            0%         ∞         100%        8


Dungeon Overview and Level Annotations

Branches:
Dungeon (7/15)             Temple (0/1) D:5           Sewer (visited)

Altars:
Elyvilon
Makhleb
Nemelex Xobeh
Qazlal
Ru
Sif Muna
Yredelemnul

Shops:
D:4 ?

Annotations:
D:3 3 runed translucent doors, sevenfields's ghost, amateur PaWr
D:7 Joseph


Innate Abilities, Weirdness & Mutations

You are too large for most types of armour.
You have claws for hands.
Your natural rate of healing is unusually fast.
You are covered in fur. (AC +1)
You have tough skin. (AC +1)


Message History

Where to? (Enter - D:6, ? - help)
There is a stone staircase leading down here.
You climb downwards.
Found 24 stones and 4 boomerangs.
There is a stone staircase leading up here.
There are monsters nearby!
You feel very mighty all of a sudden.
The ice beast hits you but does no damage.
Joseph unwields a +3 quarterstaff of draining.
Joseph wields a +3 hunting sling of flaming.
It bursts into flame!
Joseph shoots a sling bullet.
The sling bullet hits you!
You bludgeon Joseph!!
Joseph is moderately wounded.
Joseph unwields a +3 hunting sling of flaming.
It stops flaming.
Joseph wields a +3 quarterstaff of draining.
You sense an unholy aura.
You block Joseph's attack. The ice beast closely misses you.
You sock Joseph!
Joseph is heavily wounded.
Joseph closely misses you. The ice beast misses you.
You thump Joseph!
Joseph is severely wounded.
Joseph hits you with a +3 quarterstaff of draining!
You feel drained. You block the ice beast's attack.
Joseph hits you with a +3 quarterstaff of draining!
You feel drained.
You barely miss Joseph.
Joseph is severely wounded.
The ice beast misses you.
Joseph hits you with a +3 quarterstaff of draining!!
You feel drained.
You barely miss Joseph.
Joseph is severely wounded.
The ice beast hits you. The ice beast freezes you!
* * * LOW HITPOINT WARNING * * *
Joseph hits you with a +3 quarterstaff of draining!!
* * * LOW HITPOINT WARNING * * *
You feel drained.
You die...

....... .# .
#...... #.# .#
#......#@.#..#
#.........#.##.
#......(.......
...........Y..
##@##.........
#..@##<.......
#...Y#...##...
##.......#
#.....#..#
##....#.##
.........
..#....(...
#.##.........
... ...........


You could see Joseph and an ice beast.

Vanquished Creatures
  Pikel (D:5)
  Sigmund (D:3)
  A steam dragon (D:6)
  A water moccasin (D:5)
  An ice beast (D:5)
  A sky beast (D:6)
  A centaur (D:6)
  An ogre (D:6)
  A phantom (D:5)
  3 bullfrogs
  3 necrophages
  5 scorpions
  2 jellies
  5 hounds
  4 orc priests
  A gnoll shaman (D:5)
  An iguana (D:5)
  2 orc wizards
  Robin (D:2)
  18 gnolls
  7 adders
  An ufetubus (D:5)
  4 worms
  A dart slug (D:5)
  9 orcs
  16 ball pythons
  10 endoplasms
  10 giant cockroaches
  15 goblins
  13 hobgoblins
  4 jackals (D:2)
  7 quokkas
  4 bats
  12 frilled lizards
  5 kobolds
  7 rats
179 creatures vanquished.

Vanquished Creatures (collateral kills)
  A water moccasin (D:6)
  An orc wizard (D:4)
  An adder (D:5)
  4 gnolls (D:5)
  2 orcs (D:4)
9 creatures vanquished.

Grand Total: 188 creatures vanquished

Notes
Turn   | Place    | Note
-------+----------+-------------------------------------------
     0 | D:1      | Jortsu the Troll Fighter began the quest for the Orb.
     0 | D:1      | Reached XP level 1. HP: 22/22 MP: 0/0
   235 | D:1      | Reached XP level 2. HP: 29/29 MP: 1/1
   461 | D:1      | Reached skill level 2 in Maces & Flails
   485 | D:1      | Reached XP level 3. HP: 36/36 MP: 2/2
  1126 | D:2      | Reached XP level 4. HP: 41/44 MP: 3/3
  1332 | D:2      | Found a faded altar of an unknown god.
  1332 | D:2      | Noticed a red devil
  1342 | D:2      | Prayed at the altar of an unknown god.
  1342 | D:2      | Became a worshipper of Makhleb the Destroyer
  1342 | D:2      | Reached * piety under Makhleb
  1594 | D:2      | Reached skill level 3 in Maces & Flails
  1863 | D:2      | Reached XP level 5. HP: 32/52 MP: 4/4
  1866 | D:2      | Reached ** piety under Makhleb
  2134 | D:2      | Noticed Robin
  2158 | D:2      | Killed Robin
  2243 | D:2      | Identified 2 scrolls of acquirement
  2243 | D:2      | Acquired 1197 gold pieces
  2247 | D:2      | Acquired 957 gold pieces
  2302 | D:3      | Noticed Sigmund
  2314 | D:3      | Killed Sigmund
  2315 | D:3      | Reached skill level 4 in Maces & Flails
  2315 | D:3      | Reached XP level 6. HP: 38/61 MP: 5/5
  2782 | D:3      | Found a runed translucent gate.
  2786 | D:3      | Found a runed translucent gate.
  2786 | D:3      | Found a runed translucent gate.
  3024 | D:3      | Noticed sevenfields's ghost (amateur PaWr)
  3103 | D:4      | Found a sparkling altar of Nemelex Xobeh.
  3122 | D:4      | Found a stormy altar of Qazlal.
  3140 | D:4      | Reached skill level 1 in Invocations
  3337 | D:4      | Reached *** piety under Makhleb
  3351 | D:4      | Reached XP level 7. HP: 20/67 MP: 6/6
  3412 | D:4      | Found Xofovif's Magic Scroll Shop.
  3444 | D:4      | Got the Incunabulum of Toxins
  3542 | D:4      | Found a shimmering blue altar of Sif Muna.
  3860 | D:4      | Reached skill level 5 in Maces & Flails
  3868 | D:4      | Found a basalt altar of Yredelemnul.
  4036 | D:5      | Entered Level 5 of the Dungeon
  4043 | D:5      | Found a staircase to the Ecumenical Temple.
  4076 | D:5      | Noticed Pikel
  4091 | D:5      | Killed Pikel
  4092 | D:5      | Reached XP level 8. HP: 45/78 MP: 7/9
  4115 | D:5      | Found a glowing drain.
  4124 | Sewer    | Entered a sewer
  4368 | Sewer    | Reached **** piety under Makhleb
  4427 | Sewer    | Reached skill level 6 in Maces & Flails
  4442 | Sewer    | Identified the amulet "Onili" {RegenMP Fragile Str+5}
  4653 | D:6      | Reached skill level 5 in Dodging
  4661 | D:6      | Reached XP level 9. HP: 60/85 MP: 10/10
  4686 | D:6      | Identified the +6 falchion "Qimeek" {vamp, Will+}
  4903 | D:6      | Reached skill level 7 in Maces & Flails
  5168 | D:6      | Found a sacrificial altar of Ru.
  5175 | D:6      | Found a white marble altar of Elyvilon.
  5322 | D:5      | Identified the ring "Woag" {Wiz rPois rF++ Str+3}
  5719 | D:7      | Noticed Joseph
  5734 | D:7      | HP: 2/77 [Joseph/+3 quarterstaff of draining (20)]
  5734 | D:7      | Slain by Joseph

Illustrated notes

Levels and vault maps discovered:
D:1:      psy_arrival_terrarium, layout_basic, minmay_tree_intersection
D:2:      layout_basic, dreamdust_ecumenical_altar_sealed_demon, uniq_robin
D:3:      layout_loops_ring, gammafunk_ghost_necromancy, uniq_sigmund
D:4:      layout_loops_corners, nicolae_qazlal_general_emergency,
          nicolae_overflow_crystal_walls, lemuel_tele_altar, serial_shops,
          shop_statue, kennysheep_small_circle
D:5:      minmay_skewed_foursquare, layout_basic, minmay_temple_entry_statues,
          portal_sewer_entry_d, uniq_pikel
D:6:      layout_rooms, amethyst_overflow_temple_binary
D:7:      layout_cave_pools, mainiacjoe_overflow_brackets, serial_shops,
          nicolae_shop_behind_doors, uniq_crazy_yiuf_cottage, uniq_joseph

Skill      XL: |  1  2  3  4  5  6  7  8  9 |
---------------+----------------------------+-----
Maces & Flails | 2 3 4 5 6 7 |  7.5
Dodging        | 3 4 5 6 |  6.0
Fighting       | 3 4 |  4.8
Shields        | 3 4 |  4.7
Invocations    | 1 2 3 |  3.5
Stealth        | |  0.7

Action                   |  1- 3 |  4- 6 |  7- 9 || total
-------------------------+-------+-------+-------++-------
Melee: Flail             |   125 |   165 |   352 ||   642
Invok: Minor Destruction |       |    29 |     3 ||    32
       Lesser Servant of |       |       |     5 ||     5
       Major Destruction |       |       |     2 ||     2
  Use: Scroll            |     6 |     7 |    10 ||    23
       Potion            |       |     1 |     1 ||     2
 Stab: Sleeping          |     1 |       |       ||     1
Armor: Robe              |    47 |    33 |    97 ||   177
Dodge: Dodged            |    43 |    98 |   169 ||   310
Block: Kite shield       |    53 |    79 |   167 ||   299

Table legend: (Time is in decaauts)
 A = Elapsed time spent in this place.
 B = Non-inter-level travel time spent in this place.
 C = Inter-level travel time spent in this place.
 D = Time resting spent in this place.
 E = Time spent auto-exploring this place.
 F = Levels seen in this place.
 G = Mean time per level.
                   A        B        C        D        E       F      G
               +--------+--------+--------+--------+--------+-----+--------+
         Total |   5997 |   5863 |    134 |    492 |   3331 |   8 |  749.6 |
       Dungeon |   5549 |   5415 |    134 |    492 |   3314 |   7 |  792.7 |
         Sewer |    447 |    447 |      0 |      0 |     17 |   1 |  447.0 |
               +--------+--------+--------+--------+--------+-----+--------+

Top non-repeatable levels by time:
     D:2: 1278 daAuts
     D:1: 1112 daAuts
     D:4: 968 daAuts
     D:3: 797 daAuts
     D:5: 752 daAuts
     D:6: 626 daAuts
   Sewer: 447 daAuts
     D:7: 15 daAuts
